 Dungeon Crawl Stone Soup version 0.31.0-32-g396128a36d (webtiles) character file.

Game seed: 14967461211137874404

6253 Mels the Thaumaturge (level 10, -5/80 HPs)
             Began as a Demonspawn Air Elementalist on Apr 17, 2024.
             Was an Initiate of Gozag.
             Slain by a two-headed ogre
             ... wielding a +0 giant club
              (24 damage)
             ... on level 8 of the Dungeon.
             The game lasted 00:21:33 (10181 turns).

Mels the Thaumaturge (Demonspawn Air Elementalist) Turns: 10181, Time: 00:21:34

Health: -5/80      AC:  6    Str: 12    XL:     10   Next: 62%
Magic:  1/22       EV: 15    Int: 24    God:    Gozag
Gold:   1591       SH:  0    Dex: 12    Spells: 20/25 levels left

rFire   . .          .
                       - Unarmed
rCold   . . .        (no shield)
rNeg    . . .        a - +0 robe
rPois   .            (no helmet)
rElec   .            g - scarf {repulsion}
rCorr   .            (no gloves)
SInv    .            (no boots)
Will    .....        o - amulet of regeneration
Stlth   ++           n - +4 ring of protection
HPRegen 1.13/turn    z - ring of wizardry
MPRegen 0.36/turn

%: repel missiles, wizardry (x1)
@: no status effects
A: claws 1, ignite blood 1, magic regeneration, big brain 2, strong 1
a: Renounce Religion, Potion Petition, Call Merchant, Bribe Branch


You were on level 8 of the Dungeon.
You worshipped Gozag.
Gozag was most pleased with you.
You visited 2 branches of the dungeon, and saw 9 of its levels.
You also visited: Bailey.

You collected 1703 gold pieces.
You paid 112 gold pieces to Gozag.

Inventory:

Missiles
 t - 2 throwing nets
 F - 6 curare-tipped darts
Armour
 a - a +0 robe (worn)
 g - a scarf of repulsion (worn)
 s - a +0 cloak
 E - a +3 ring mail of willpower
Jewellery
 n - a +4 ring of protection (left claw)
 o - an amulet of regeneration (around neck)
 z - a ring of wizardry (right claw)
Wands
 d - a wand of flame (8)
 q - a wand of light (3)
 r - a wand of charming (26)
 y - a wand of polymorph (9)
Scrolls
 e - a scroll of enchant armour
 l - a scroll of amnesia
 m - a scroll of immolation
 p - a scroll of enchant weapon
 v - 2 scrolls of teleportation
 w - a scroll of vulnerability
 x - 3 scrolls of poison
 A - a scroll of silence {unknown}
Potions
 b - a potion of magic
 c - a potion of enlightenment {unknown}
 f - a potion of attraction
 h - 3 potions of brilliance
 i - a potion of lignification {unknown}
 j - a potion of mutation
 k - 2 potions of haste {unknown}
 u - a potion of curing
 D - a potion of cancellation {unknown}
Miscellaneous
 B - a box of beasts


   Skills:
 - Level 8.0 Fighting
 - Level 8.0 Dodging
 - Level 1.7 Stealth
 - Level 4.0 Unarmed Combat
 + Level 8.0 Spellcasting
 - Level 1.0 Conjurations
 - Level 6.0 Air Magic


You had 20 spell levels left.
You knew the following spells:

 Your Spells              Type           Power      Damage    Failure   Level
a - Shock                 Conj/Air       100%       1d9       1%          1
b - Airstrike             Air            19%        2d(3-19)  2%          4

Your spell library contained the following spells:

 Spells                   Type           Power      Damage    Failure   Level
 Static Discharge         Conj/Air       52%        3-6/arc   1%          2
 Swiftness                Air            38%        N/A       1%          3
 Fugue of the Fallen      Necr           9%         N/A       8%          3
 Ozocubu's Armour         Ice            9%         N/A       8%          3
 Cause Fear               Hex            4%         N/A       26%         4
 Manifold Assault         Tloc           9%         N/A       26%         4
 Fireball                 Conj/Fire      6%         3d5       47%         5
 Dragon's Call            Summ           4%         N/A       100%        9


Dungeon Overview and Level Annotations

Branches:
Dungeon (8/15) Zot: 26118  Temple (1/1) D:5 Zot: 5872  Bailey (visited)
   Lair: D:8-11

Altars:
Ashenzari
Cheibriados
Dithmenos
Fedhas
Gozag
Kikubaaqudgha
Makhleb
Okawaru
Qazlal
Ru
Sif Muna
Trog
Uskayaw
Vehumet
Wu Jian
Xom
Yredelemnul

Annotations:
D:6 3 runed translucent doors, 718TV's ghost, novice MiBe
Temple 2 transporters


Innate Abilities, Weirdness & Mutations

You have sharp fingernails.
Your demonic aura sometimes causes spilled blood to erupt in flames.
You regenerate magic rapidly.
You have an extremely huge brain. (Int +4)
Your muscles are strong. (Str +4, Int/Dex -1)


Message History

Aim: a two-headed ogre, wielding two +0 giant clubs (lightly wounded, empty space bonus: 6/8)
The air twists around and strikes the two-headed ogre.
The two-headed ogre is lightly wounded.
You now have 12/22 mp.
Casting: Airstrike (dangerous; 2% risk of failure)
Confirm with . or Enter, or press ? or * to list all spells.
Aiming: Airstrike (dangerous; 2% risk of failure)
Press: ? - help, Dir - move target, f/p - two-headed ogre
Aim: a two-headed ogre, wielding two +0 giant clubs (lightly wounded, empty space bonus: 6/8)
The air twists around and strikes the two-headed ogre!
The two-headed ogre is heavily wounded.
You now have 8/22 mp.
Casting: Airstrike (dangerous; 2% risk of failure)
Confirm with . or Enter, or press ? or * to list all spells.
Aiming: Airstrike (dangerous; 2% risk of failure)
Press: ? - help, Dir - move target, f/p - two-headed ogre
Aim: a two-headed ogre, wielding two +0 giant clubs (heavily wounded, empty space bonus: 5/8)
The air twists around and strikes the two-headed ogre!
The two-headed ogre is heavily wounded.
You now have 4/22 mp.
Casting: Airstrike (dangerous; 2% risk of failure)
Confirm with . or Enter, or press ? or * to list all spells.
Aiming: Airstrike (dangerous; 2% risk of failure)
Press: ? - help, Dir - move target, f/p - two-headed ogre
Aim: a two-headed ogre, wielding two +0 giant clubs (heavily wounded, empty space bonus: 4/8)
The air twists around and strikes the two-headed ogre!
The two-headed ogre is severely wounded.
The two-headed ogre barely misses you.
The two-headed ogre hits you with a +0 giant club!!
* * * LOW HITPOINT WARNING * * *
You take 26 damage, and have 18/80 hp.
MASSIVE DAMAGE!!
You now have 1/22 mp.
Aiming: Bolt of Light
Press: ? - help, Shift-Dir - straight line, f/p - two-headed ogre
Aim: a two-headed ogre, wielding two +0 giant clubs (severely wounded, 86% to hit)
The bolt of light hits the two-headed ogre.
The two-headed ogre is almost dead.
The two-headed ogre is blinded.
The two-headed ogre hits you with a +0 giant club!!
You die...
Your body crumbles into a pile of gold.

#.# #.#..... #.#
#.#...########### #.######
#.#.#.#.......O.# #......#
##...#.#.....###.#
######.###..#.#.#####O# #.#
######.#....#...# #.#...#
.......>.##.#.#######.###.#.#
###########.#...............#
..#...@O....###.#.#
##########......#
................
#######.######## #.# #.# #.#
#.# #<#


You could see a two-headed ogre (blind, unable to see you).

Vanquished Creatures
  A two-headed ogre (D:8)
  Maurice (D:7)
  Joseph (D:8)
  Jeremiah (D:6)
  An unseen horror (D:8)
  A komodo dragon (D:7)
  A troll (D:7)
  A wyvern (D:6)
  A steam dragon (D:7)
  Duvessa (D:7)
  A water moccasin (D:5)
  3 black bears
  3 sky beasts
  An ice beast (D:8)
  6 orc warriors
  An ogre (D:5)
  4 centaurs
  6 kobold brigands (Bailey)
  2 bullfrogs
  A gnoll sergeant (D:5)
  A scorpion (D:4)
  Dowan (D:7)
  8 killer bees
  A howler monkey (D:6)
  An orc priest (D:7)
  3 bombardier beetles
  2 hounds
  2 jellies
  2 sleepcaps
  2 iguanas (D:5)
  Natasha (twice) (D:4)
  3 orc wizards
  14 adders
  8 gnolls
  3 river rats (D:4)
  A white imp (D:7)
  3 dart slugs
  4 ribbon worms
  14 orcs
  10 ball pythons
  6 endoplasms
  4 giant cockroaches
  7 goblins
  8 hobgoblins
  13 kobolds
  8 quokkas
  9 bats
  5 frilled lizards
  5 rats
188 creatures vanquished.

Notes
Turn   | Place    | Note
-------+----------+-------------------------------------------
     0 | D:1      | Mels the Demonspawn Air Elementalist began the quest for
                  | the Orb.
     0 | D:1      | Reached XP level 1. HP: 13/13 MP: 3/3
   267 | D:1      | Gained mutation: You have an unusually large brain. (Int
                  | +2) [demonic ancestry]
   267 | D:1      | Reached XP level 2. HP: 19/19 MP: 2/5
   940 | D:1      | Found a faded altar of an unknown god.
  1381 | D:1      | Reached XP level 3. HP: 24/24 MP: 5/7
  2616 | D:2      | Reached XP level 4. HP: 7/31 MP: 0/10
  3015 | D:3      | Reached skill level 1 in Fighting
  3086 | D:3      | Found a shimmering blue altar of Sif Muna.
  3230 | D:3      | Found an iron altar of Okawaru.
  3354 | D:2      | Gained mutation: You have sharp fingernails. [demonic
                  | ancestry]
  3354 | D:2      | Reached XP level 5. HP: 38/39 MP: 0/11
  3547 | D:3      | Found a shimmering altar of Xom.
  4000 | D:4      | You fall into a shaft and drop 2 floors!
  4065 | D:6      | Noticed Jeremiah
  4075 | D:7      | Noticed Duvessa
  4075 | D:7      | Noticed Dowan
  4085 | D:6      | Learned a level 4 spell: Airstrike
  4158 | D:5      | Entered Level 5 of the Dungeon
  4158 | D:5      | Found a staircase to the Ecumenical Temple.
  4167 | D:5      | Noticed an ogre
  4172 | Temple   | Found a transporter.
  4172 | Temple   | Found a transporter.
  4172 | Temple   | Found a transporter.
  4172 | Temple   | Found a transporter.
  4172 | Temple   | Entered the Ecumenical Temple
  4174 | Temple   | Gained mutation: Your muscles are strong. (Str +4, Int/Dex
                  | -1) [potion of mutation]
  4284 | Temple   | Became a worshipper of Gozag Ym Sagoz the Greedy
  4322 | D:5      | Gained mutation: You regenerate magic rapidly. [demonic
                  | ancestry]
  4322 | D:5      | Reached XP level 6. HP: 32/48 MP: 2/12
  4786 | D:5      | Reached skill level 5 in Air Magic
  4786 | D:5      | Gained mutation: You have an extremely huge brain. (Int +4)
                  | [demonic ancestry]
  4786 | D:5      | Reached XP level 7. HP: 47/54 MP: 9/13
  5571 | D:4      | Found a bloodstained altar of Trog.
  5922 | D:4      | Found a burning altar of Makhleb.
  6024 | D:4      | Noticed Natasha
  6027 | D:4      | Killed Natasha
  6143 | D:4      | Reached XP level 8. HP: 50/60 MP: 10/14
  6299 | D:4      | Noticed Natasha
  6391 | D:4      | Found a bloodstained altar of Trog.
  6556 | D:4      | Killed Natasha
  6745 | D:4      | Found a burning altar of Makhleb.
  7085 | D:6      | Found a runed translucent gate.
  7085 | D:6      | Found a runed translucent gate.
  7085 | D:6      | Found a runed translucent gate.
  7090 | D:6      | Reached skill level 5 in Spellcasting
  7126 | D:6      | Noticed 718TV's ghost (novice MiBe)
  7297 | D:6      | Found an ancient bone altar of Kikubaaqudgha.
  7382 | D:6      | Killed Jeremiah
  7828 | D:7      | Noticed Maurice
  7838 | D:7      | Maurice stole 2 throwing nets
  7844 | D:7      | Maurice stole 532 gold
  7845 | D:7      | Killed Maurice
  7846 | D:7      | Gained mutation: Your demonic aura sometimes causes spilled
                  | blood to erupt in flames. [demonic ancestry]
  7846 | D:7      | Reached XP level 9. HP: 27/67 MP: 1/21
  7856 | D:7      | Reached skill level 5 in Fighting
  8121 | D:7      | Identified the +7 demon trident of Keereyc {venom, ^Drain
                  | Will+ Dex+5}
  8176 | D:7      | Noticed a komodo dragon
  8280 | D:7      | Killed a komodo dragon
  8428 | D:7      | Killed Duvessa
  8432 | D:7      | Killed Dowan
  8528 | D:7      | Reached skill level 1 in Unarmed Combat
  8529 | D:7      | Noticed a troll
  8531 | D:7      | Killed a troll
  8961 | D:8      | Found a flagged portal.
  9012 | Bailey   | Entered a bailey
  9039 | Bailey   | Reached skill level 5 in Dodging
  9043 | Bailey   | Reached XP level 10. HP: 57/80 MP: 4/22
  9405 | Bailey   | Found an iron altar of Okawaru.
  9816 | D:8      | Noticed a two-headed ogre
  9850 | D:8      | Killed a two-headed ogre
  9916 | D:8      | Noticed Joseph
  9919 | D:8      | Killed Joseph
 10158 | D:8      | Noticed a two-headed ogre
 10181 | D:8      | Slain by a two-headed ogre

Illustrated notes

Levels and vault maps discovered:
D:1:      matt_arrival_refuge, layout_basic, dilly_ecumenical_altar_fadedgnrine,
          hangedman_decor_diamond_cutter
D:2:      layout_loops_ring
D:3:      layout_rooms, okawaru_ov_weapons_minmay, mainiacjoe_overflow_brackets,
          mainiacjoe_overflow_tiny_flanked
D:4:      layout_basic, lemuel_doored_altar, kennysheep_mini,
          lightli_sewer_entry_pipes, uniq_natasha
D:5:      layout_basic, temple_fountains, enter_ossuary_2, dk_noncrumbling_3
D:6:      layout_gridville, kennysheep_mini_moat, ebering_ghost_rock_garden,
          uniq_jeremiah
D:7:      layout_loops_ring, uniq_maurice, uniq_duvessa
D:8:      layout_basic, nicolae_hepliaklqana_hippocampus, enter_bailey_3,
          minmay_misc_feat_pillars, centaur_isle, uniq_joseph
Temple:   hellmonk_temple_divided_pantheon

Skill      XL: |  1  2  3  4  5  6  7  8  9 10 |
---------------+-------------------------------+-----
Spellcasting   | 3 4 8 |  8.0
Fighting       | 2 4 8 |  8.0
Air Magic      | 3 5 6 |  6.0
Dodging        | 4 5 8 |  8.0
Unarmed Combat | 2 4 |  4.0
Stealth        | |  1.7
Conjurations   | |  1.0

Action                     |  1- 3 |  4- 6 |  7- 9 | 10-12 || total
---------------------------+-------+-------+-------+-------++-------
  Melee: Unarmed           |    31 |    19 |    48 |    27 ||   125
         Punch             |       |       |     1 |       ||     1
   Cast: Shock             |   125 |   149 |   198 |    42 ||   514
         Airstrike         |       |     2 |    62 |    49 ||   113
  Evoke: Wand              |       |     2 |    11 |     4 ||    17
    Use: Scroll            |       |     7 |     3 |     1 ||    11
         Potion            |       |     5 |       |     1 ||     6
 Armour: Robe              |    22 |    86 |   128 |    76 ||   312
  Dodge: Dodged            |    46 |    99 |    94 |    42 ||   281
         Repelled          |       |     2 |     3 |     2 ||     7
